AoeStats
← Tsuki

Migration

508764040Analyzed
1v1 RM · 2mo ago on Sep 24, 2026· 52m 11s· 2 players
Game mode
Random Map
Map size
132×132
Population
200
Speed
Normal
Resources
Standard
Victory
Conquest
Starting age
Dark Age
Ending age
Imperial Age
RankedLock teamsTeams togetherTeam positionsShared explorationLock speedFull tech treeHidden civsTurbo modeCheats
Victory
Defeat
🇦🇷 Bohemians · Argentina
728
+14
vs
🇩🇪 Goths · Germany
690
-23
Tsuki
0:38 Loom
12:39 Feudal Age
13:15 Horse Collar
14:35 Double-Bit Axe
14:40 Fishing Lines
17:57 Scale Mail Armor
18:30 Forging
25:26 Wheelbarrow
24:47 Gold Mining
27:08 Town Watch
31:30 Castle Age
32:45 Medium Warships
36:31 Bow Saw
38:38 Careening
38:39 Clinker Construction
43:27 Ballistics
HUNTER (ARG.)
8:51 Loom
12:04 Feudal Age
15:57 Double-Bit Axe
16:41 Fletching
22:28 Castle Age
22:48 Padded Archer Armor
24:06 Bow Saw
25:36 Chemistry
25:28 Bodkin Arrow
36:39 Imperial Age
38:51 Elite Cannon Galleon
39:48 Medium Warships
52:33 Bracer
52:49 Leather Archer Armor
Connection lost

Rejoining the realm…

Still unreachable

The connection could not be restored.

Session expired

The server has moved on; the page needs a fresh start.